 Dungeon Crawl Stone Soup version 0.21.1-1-g345015f (webtiles) character file.

51 inc the Cudgeler (level 3, -3/26 HPs)
             Began as an Octopode Fighter on June 12, 2018.
             Slain by appiemonkey's ghost (8 damage)
             ... on level 3 of the Dungeon.
             The game lasted 00:01:34 (1420 turns).

inc the Cudgeler (Octopode Fighter)                 Turns: 1420, Time: 00:01:35

Health: -3/26      AC:  1    Str: 15    XL:     3   Next: 81%
Magic:  3/3        EV: 11    Int: 10    God:
Gold:   181        SH:  9    Dex: 12    Spells: 2/2 levels left

rFire    . . .     SeeInvis .   a - +0 flail
rCold    . . .     Gourm    .   b - +0 shield
rNeg     . . .     Faith    .   (helmet restricted)
rPois    .         Spirit   .   (no amulet)
rElec    .         Reflect  .   j - ring of teleportation (curse)
rCorr    .         Harm     .   (no ring)
MR       .....     Rnd*Tele +   (no ring)
Stlth    ++........             (no ring)
HPRegen  0.08/turn              (no ring)
MPRegen  0.08/turn              (no ring)
                                (no ring)
                                (no ring)

@: no status effects
A: almost no armour, stealthy swim, amphibious, 8 rings, constrict 8, camouflage
1, gelatinous body 1
a: no special abilities


You were on level 3 of the Dungeon.
You were hungry.

You visited 1 branch of the dungeon, and saw 3 of its levels.

You collected 181 gold pieces.

Inventory:

Hand Weapons
 a - a +0 flail (weapon)
Armour
 b - a +0 shield (worn)
Jewellery
 j - a cursed ring of teleportation (left tentacle)
Potions
 c - 2 potions of might
 e - a potion of curing
 f - a potion of resistance {unknown}
 g - a potion of agility {unknown}
Books
 h - a book of Minor Magic

   Spells                             Type                      Level
   a - Magic Dart                     Conjuration                  1
   b - Blink                          Translocation                2
   c - Call Imp                       Summoning                    2
   d - Slow                           Hexes                        2
   e - Conjure Flame                  Conjuration/Fire             3
   f - Mephitic Cloud                 Conjuration/Poison/Air       3
Comestibles
 d - 3 rations


   Skills:
 - Level 3.0 Fighting
 + Level 3.5 Maces & Flails
 - Level 3.0 Dodging
 + Level 3.5 Shields


You had 2 spell levels left.
You didn't know any spells.

Dungeon Overview and Level Annotations

Branches:
Dungeon (3/15)

Altars:
Fedhas
Makhleb
Okawaru
Qazlal
Ru
Yredelemnul

Annotations:
D:3 appiemonkey's ghost, amateur MiCK


Innate Abilities, Weirdness & Mutations

You cannot wear most types of armour.
You are very stealthy in the water. (Stealth+)
You are amphibious.
You can wear up to eight rings at the same time.
You can use your tentacles to constrict eight enemies at once.
Your skin changes colour to match your surroundings (Stealth+).
Your rubbery body absorbs attacks. (AC +1, EV +1)


Message History

You hit appiemonkey's ghost.
Appiemonkey's ghost is lightly damaged.
Appiemonkey's ghost hits you. x2
You hit appiemonkey's ghost.
You squeeze appiemonkey's ghost, but do no damage.
Appiemonkey's ghost is lightly damaged.
Appiemonkey's ghost hits you!
An orc comes into view.
It is wielding a short sword of holy wrath.
You closely miss appiemonkey's ghost.
Appiemonkey's ghost is lightly damaged.
The orc shouts!
Appiemonkey's ghost barely misses you. Appiemonkey's ghost hits you.
* * * LOW HITPOINT WARNING * * *
An adder comes into view.
You hit appiemonkey's ghost.
Appiemonkey's ghost is lightly damaged.
The adder moves out of view.
The orc sings a few bars from the Orcish anthem.
Appiemonkey's ghost hits you!
You die...

....####.# #........# .
#........# ..
#......$.### ...
#.......... ## ....
#..†....... #. .....
#..o....... #.#
...$l.#####.......... #..
.....)..@Wo.....<....
#..###########........###
#..[..<# #.#.##+#.#
##.#.#.# #.#.# .# #.#.#.#
#.#.# # #.#.#.# #.#.#
..#.#.#######.#.#
###.#.##....#.#.#
#.#.##.##.#.#.#


You could see appiemonkey's ghost, 2 orcs and a leopard gecko.

Vanquished Creatures
  An adder (D:2)
  3 dart slugs (D:1)
  2 leopard geckos
  An orc (D:3)
  A giant cockroach (D:2)
  5 goblins
  2 hobgoblins
  3 kobolds
  A quokka (D:2)
  A ball python (D:2)
  7 bats
  4 frilled lizards
  2 rats
  A fungus (D:1)
34 creatures vanquished.

Notes
Turn   | Place    | Note
-------+----------+-------------------------------------------
     0 | D:1      | inc the Octopode Fighter began the quest for the Orb.
     0 | D:1      | Reached XP level 1. HP: 16/16 MP: 1/1
    63 | D:1      | Reached XP level 2. HP: 21/21 MP: 2/2
   687 | D:2      | Reached XP level 3. HP: 23/26 MP: 3/3
   769 | D:2      | Found a stormy altar of Qazlal.
   773 | D:2      | Found a blossoming altar of Fedhas.
   898 | D:2      | Found a basalt altar of Yredelemnul.
   901 | D:2      | Found a burning altar of Makhleb.
   912 | D:2      | Found a sacrificial altar of Ru.
  1142 | D:2      | Found an iron altar of Okawaru.
  1403 | D:3      | Noticed appiemonkey's ghost (amateur MiCK)
  1420 | D:3      | Slain by appiemonkey's ghost

Skill      XL: |  1  2 |
---------------+-------+-----
Maces & Flails | 3 |  3.5
Fighting       | |  3.0
Dodging        | |  3.0
Shields        | |  3.5

Action                   || total
-------------------------++-------
Melee: Flail             ||    63
       Constrict         ||    14
       Tentacles         ||     6
  Use: Scroll            ||     2
 Stab: Sleeping          ||    13
       Paralysed         ||     1
  Eat: Chunk             ||     1
Armor: Skin              ||     7
Dodge: Dodged            ||    24
Block: Shield            ||    17
